 Dungeon Crawl Stone Soup version 0.27.0-66-gdc8fb28755 (webtiles) character file.

Game seed: 13695305077849104088

14 hawla the Grave Robber (level 2, 0/15 HPs)
             Began as a Deep Elf Necromancer on Aug 19, 2021.
             Succumbed to an adder's poison
             ... on level 2 of the Dungeon.
             The game lasted 00:02:46 (1415 turns).

hawla the Grave Robber (Deep Elf Necromancer)       Turns: 1415, Time: 00:02:46

Health: 0/15       AC:  2    Str:  5    XL:     2   Next: 27%
Magic:  5/8        EV: 12    Int: 19    God:
Gold:   27         SH:  0    Dex: 15    Spells: 6/7 levels left

rFire    . . .     SeeInvis .   g - +0 dagger
rCold    . . .     Faith    .   (no shield)
rNeg     . . .     Spirit   .   a - +0 robe
rPois    .         Reflect  .   (no helmet)
rElec    .         Harm     .   (no cloak)
rCorr    .         Rampage  .   (no gloves)
Will     .....                  (no boots)
Stlth    ++........             (no amulet)
HPRegen  0.05/turn              (no ring)
MPRegen  0.11/turn              (no ring)

@: lethally poisoned (0 -> -7), slowed, very slow
A: no striking features
a: no special abilities


You were on level 2 of the Dungeon.
You visited 1 branch of the dungeon, and saw 2 of its levels.

You collected 27 gold pieces.

Inventory:

Hand Weapons
 g - a +0 dagger (weapon)
Armour
 a - a +0 robe (worn)
Jewellery
 b - a ring of willpower
 c - a ring of protection from cold
Scrolls
 e - a scroll of identify {unknown}


   Skills:
 + Level 0.3 Fighting
 + Level 2.6 Dodging
 + Level 2.6 Stealth
 + Level 3.2 Spellcasting
 + Level 5.0 Necromancy
 + Level 0.5 Earth Magic


You had 6 spell levels left.
You knew the following spells:

 Your Spells              Type           Power      Damage    Failure   Level
a - Pain                  Necr           88%        1d8       1%          1

Your spell library contained the following spells:

 Spells                   Type           Power      Damage    Failure   Level
 Animate Skeleton         Necr           44%        N/A       1%          1
 Vampiric Draining        Necr           11%        2d7       5%          3
 Animate Dead             Necr           11%        N/A       19%         4
 Agony                    Necr           22%        N/A       45%         5


Dungeon Overview and Level Annotations

Branches:
Dungeon (2/15)

Altars:

Shops:
D:2 :

Annotations:
D:2 Natasha


Message History

The adder poisons you!
You barely miss Natasha.
You feel sick.
Natasha mumbles some strange words.
The adder bites you.
You are lethally poisoned!
The adder poisons you! The frilled lizard bites you.
* * * LOW HITPOINT WARNING * * *
It was a potion of curing.
You feel better. Natasha casts a spell at you.
You feel yourself slow down. The adder barely misses you.
The crimson imp blinks!
The frilled lizard closely misses you. The crimson imp hits you.
Casting: Pain (safe; 1% risk of failure)
Confirm with . or Enter, or press ? or * to list all spells.
Aiming: Pain (safe; 1% risk of failure)
Press: ? - help, Shift-Dir - straight line, f/p - adder
Aim: an adder (lightly wounded, chance to affect: 87%)
The adder writhes in agony.
The adder barely misses you. Natasha barely misses you.
The adder closely misses you. The frilled lizard barely misses you.
The crimson imp hits you. Natasha completely misses you.
Casting: Pain (safe; 1% risk of failure)
Confirm with . or Enter, or press ? or * to list all spells.
Aiming: Pain (safe; 1% risk of failure)
Press: ? - help, Shift-Dir - straight line, f/p - adder
Aim: an adder (lightly wounded, chance to affect: 87%)
The adder barely resists.
The adder closely misses you.
The frilled lizard bites you but does no damage.
The crimson imp closely misses you. Natasha claws you but does no damage.
The adder bites you.
* * * LOW HITPOINT WARNING * * *
You are lethally poisoned!
The adder poisons you! The frilled lizard barely misses you.
The crimson imp closely misses you.
You aren't carrying any potions.
As you read the scroll of fear, it crumbles to dust.
You assume a fearsome visage.
Natasha looks frightened!
The adder looks frightened!
The crimson imp is unaffected. x2
The frilled lizard looks frightened!
You die...

..... #.... ... .
#.... .. ..#.... ..
.?..... #h#.#
....... #.#.#
......5##.#.#
.....5S@h.#.#####
......l#........#
.......#$.......#
.......#........#
......##........#
......+.........###
......####........#
...... #........#
#........#


You could see Natasha (fleeing), 2 crimson imps, an adder (fleeing) and a
frilled lizard (fleeing).

Vanquished Creatures
  A worm (D:2)
  A goblin (D:1)
  A ball python (D:1)
  4 bats
  3 frilled lizards (D:1)
  3 kobolds
13 creatures vanquished.

Notes
Turn   | Place    | Note
-------+----------+-------------------------------------------
     0 | D:1      | hawla the Deep Elf Necromancer began the quest for the Orb.
     0 | D:1      | Reached XP level 1. HP: 10/10 MP: 6/6
   273 | D:1      | Reached skill level 5 in Necromancy
  1131 | D:2      | Reached XP level 2. HP: 14/15 MP: 6/8
  1196 | D:2      | Found Waonn's Book Emporium.
  1404 | D:2      | Noticed Natasha
  1410 | D:2      | Noticed a crimson imp
  1412 | D:2      | Noticed a crimson imp
  1415 | D:2      | Succumbed to an adder's poison

Illustrated notes

Levels and vault maps discovered:
D:1:      doesnt_arrival_eight_statues, layout_basic
D:2:      layout_basic, serial_shops, nicolae_shop_overgrown_old_shop,
          nicolae_shop_behind_doors, uniq_natasha, uniq_crazy_yiuf_cottage

Skill      XL: |  1 |
---------------+----+-----
Necromancy     | 5 |  5.0
Fighting       | |  0.3
Dodging        | |  2.6
Stealth        | |  2.6
Spellcasting   | |  3.2
Earth Magic    | |  0.5

Action                   || total
-------------------------++-------
Melee: Dagger            ||     8
 Cast: Pain              ||    19
  Use: Scroll            ||     4
       Potion            ||     1
 Stab: Sleeping          ||     2
Armor: Robe              ||     3
Dodge: Dodged            ||    22
